 Dungeon Crawl Stone Soup version 0.30-a0-1053-gbd8d5ba0ad (webtiles) character file.

Game seed: 6097545439904735832

3906 vineage the Fighter (level 10, -2/65 HPs)
             Began as a Gargoyle Fighter on Apr 11, 2023.
             Was a Follower of Okawaru.
             Killed by divine providence
             ... invoked by an orc priest
              (14 damage)
             ... on level 7 of the Dungeon.
             The game lasted 00:08:08 (5733 turns).

vineage the Fighter (Gargoyle Fighter)              Turns: 5733, Time: 00:08:08

Health: -2/65      AC: 27    Str: 25    XL:     10   Next: 20%
Magic:  10/10      EV: 16    Int: 14    God:    Okawaru [*.....]
Gold:   715        SH:  7    Dex: 15    Spells: 9/9 levels left

rFire   . . .      SeeInvis .    g - +7 Throatcutter {drain, coup de grace}
rCold   . . .      Faith    .    m - +0 buckler "Unahira" {rCorr Int+6 Stlth-}
rNeg    + . .      Spirit   .    n - +0 chain mail
rPois   ∞          Reflect  .    (no helmet)
rElec   +          Rampage  .    q - +1 cloak
rCorr   +                        E - +0 pair of gloves
Will    .....                    (no boots) Stlth
                                 k - amulet of magic regeneration
HPRegen 0.30/turn                z - +5 ring of evasion
MPRegen 0.52/turn                r - ring "Xewic" {Drain AC+4 Dex+6}

@: heroic
A: sickness immunity, AC +7, negative energy resistance 1, electricity
resistance, torment resistance 1, petrification resistance
a: Renounce Religion, Heroism


You were on level 7 of the Dungeon.
You worshipped Okawaru.
Okawaru was aware of your devotion.
You visited 2 branches of the dungeon, and saw 8 of its levels.

You collected 1365 gold pieces.
You spent 650 gold pieces at shops.

Inventory:

Hand Weapons
 a - a +0 flail of flaming
 g - the +7 Throatcutter (weapon) {drain, coup de grace}
   (You found it on level 2 of the Dungeon)
Armour
 m - the +0 buckler "Unahira" (worn) {rCorr Int+6 Stlth-}
   (You found it on level 2 of the Dungeon)

   Int:       It affects your intelligence (+6).
   rCorr:     It protects you from acid and corrosion.
   Stlth:     It makes you less stealthy.
 n - a +0 chain mail (worn)
 q - a +1 cloak (worn)
 E - a +0 pair of gloves (worn)
Jewellery
 k - an amulet of magic regeneration (around neck)
 l - a ring of positive energy
 o - a +4 ring of protection
 r - the ring "Xewic" (right hand) {Drain AC+4 Dex+6}
   (You bought it in a shop on level 6 of the Dungeon)

   [ring of protection]

   AC:        It affects your AC (+4).
   Dex:       It affects your dexterity (+6).
   Drain:     It drains your maximum health when unequipped.
 u - a +6 ring of dexterity
 z - a +5 ring of evasion (left hand)
Wands
 t - a wand of mindburst (22)
 w - a wand of polymorph (4)
 D - a wand of light (7)
Scrolls
 e - a scroll of identify
 j - 5 scrolls of teleportation
 v - a scroll of blinking
 y - a scroll of fog
 C - a scroll of fear
Potions
 b - a potion of invisibility
 c - a potion of brilliance
 d - a potion of might
 f - 2 potions of curing
 h - 5 potions of flight
 i - 2 potions of mutation
 p - 2 potions of magic
 s - 3 potions of heal wounds
 x - a potion of cancellation
 A - a potion of attraction
 B - 2 potions of ambrosia


   Skills:
 + Level 8.4(13.4) Fighting
 * Level 7.8(12.8) Long Blades
 - Level 3.9(8.9) Maces & Flails
 + Level 7.4(12.4) Armour
 + Level 7.4(12.4) Shields


You had 9 spell levels left.
You didn't know any spells.
Your spell library contained the following spells:

 Spells                   Type           Power      Damage    Failure   Level
 Blink                    Tloc           0%         N/A       88%         2
 Lesser Beckoning         Tloc           0%         N/A       88%         2
 Momentum Strike          Conj/Tloc      0%         3d8       88%         2
 Olgreb's Toxic Radiance  Pois           0%         N/A       100%        4
 Discord                  Hex            0%         N/A       100%        8
 Ignition                 Fire           0%         3d3       100%        8


Dungeon Overview and Level Annotations

Branches:
Dungeon (7/15)             Temple (1/1) D:5

Altars:
Ashenzari
Cheibriados
Elyvilon
Fedhas
Gozag
Kikubaaqudgha
Makhleb
Okawaru
Qazlal
Ru
Sif Muna
Trog
Uskayaw
Vehumet
Wu Jian
Xom
Yredelemnul
Zin

Shops:
D:3 *   D:6 =


Innate Abilities, Weirdness & Mutations

You are immune to sickness and miasma.
Your stone body is resilient. (AC +7)
You are immune to poison.
You resist negative energy. (rN+)
You are resistant to electric shocks. (rElec)
You are resistant to unholy torment.
You are immune to petrification.


Message History

a +0 club; a +0 leather armour; an orc corpse You hit the orc warrior.
The orc warrior is moderately wounded.
The orc priest hits you but does no damage.
The orc warrior closely misses you.
You hit the orc warrior but do no damage.
You drain the orc warrior.
The orc warrior is moderately wounded.
You block the orc priest's attack. The orc warrior closely misses you.
The orc priest closely misses you.
The orc warrior hits you with a +0 scimitar.
You hit the orc warrior.
The orc warrior is heavily wounded.
The orc priest closely misses you.
The orc warrior hits you with a +0 scimitar!
* * * LOW HITPOINT WARNING * * *
Okay, then.
You feel much better.
The orc priest looks satisfied for a moment.
The orc warrior closely misses you.
You gain the combat prowess of a mighty hero.
The orc priest hits you but does no damage. x2
The orc warrior hits you but does no damage.
You slash the orc warrior!
The orc warrior is severely wounded.
You slash the orc warrior!
You kill the orc warrior!
Okawaru accepts your kill. The orc priest barely misses you.
The orc priest misses you.
The orc priest mumbles some strange prayers to Beogh against you.
Beogh smites you!
* * * LOW HITPOINT WARNING * * *
The orc priest hits you but does no damage.
Items here: $ )) [[ †.
You hit the orc priest but do no damage.
You drain the orc priest.
The orc priest is moderately wounded.
The orc priest invokes the aid of Beogh against you.
Beogh smites you!
You die...

###### #(...##
#.....# #.....
...###..?# .#
......)oo# #..#
.......#@# +..#
.......#.# #..#
.......#.####..#
########.......#
#.P..P..########
#..~.~.†##.....#
#..~P)P..#.....#
#.P~.~)..#.....###
#..~P~).....†††...


You could see 2 orc priests.

Vanquished Creatures
  The ghost of bmj180 the Conjurer, a novice DrCj (D:6)
  2 hornets (D:7)
  Sigmund (D:3)
  3 water moccasins
  5 orc warriors
  A sky beast (D:6)
  A black bear (D:5)
  An ogre (D:5)
  A centaur (D:5)
  Blork the orc (D:4)
  2 bullfrogs (D:7)
  A gnoll sergeant (D:7)
  A scorpion (D:6)
  4 killer bees (D:6)
  A vampire bat (D:5)
  A howler monkey (D:6)
  A jelly (D:6)
  A gnoll bouda (D:6)
  6 hounds
  2 orc priests
  4 iguanas
  10 orc wizards
  Robin (D:2)
  14 adders
  11 gnolls
  An ufetubus (D:5)
  2 worms
  3 dart slugs
  49 orcs
  14 ball pythons
  2 bat skeletons (D:5)
  2 bat zombies (D:5)
  9 endoplasms
  2 giant cockroaches
  17 goblins
  8 hobgoblins
  10 jackals
  3 kobolds
  4 quokkas
  4 bats
  4 frilled lizards
  6 rats
217 creatures vanquished.

Vanquished Creatures (others)
  An adder (D:1)
  4 fungi (D:7)
5 creatures vanquished.

Grand Total: 222 creatures vanquished

Notes
Turn   | Place    | Note
-------+----------+-------------------------------------------
     0 | D:1      | vineage the Gargoyle Fighter began the quest for the Orb.
     0 | D:1      | Reached XP level 1. HP: 14/14 MP: 1/1
   205 | D:1      | Reached XP level 2. HP: 14/19 MP: 2/2
   617 | D:1      | Reached XP level 3. HP: 24/24 MP: 3/3
   635 | D:1      | Reached skill level 4 in Fighting
   982 | D:2      | Found a shimmering altar of Xom.
  1095 | D:2      | Noticed Robin
  1107 | D:2      | Reached XP level 4. HP: 30/30 MP: 4/4
  1143 | D:2      | Killed Robin
  1183 | D:2      | Identified the +0 buckler "Unahira" {rCorr Int+6 Stlth-}
  1221 | D:2      | Identified a scroll of acquirement
  1221 | D:2      | Acquired 927 gold pieces
  1363 | D:2      | Found a faded altar of an unknown god.
  1462 | D:2      | Reached XP level 5. HP: 34/34 MP: 5/5
  1634 | D:2      | Reached skill level 5 in Fighting
  1757 | D:2      | Found the +7 Throatcutter {drain, coup de grace}
  1823 | D:3      | Found Gozag's Platinum Reserve.
  1864 | D:3      | Found an opulent altar of Gozag.
  1924 | D:3      | Found a glowing silver altar of Zin.
  2344 | D:3      | Reached skill level 1 in Long Blades
  2395 | D:3      | Noticed Sigmund
  2403 | D:3      | Killed Sigmund
  2404 | D:3      | Reached XP level 6. HP: 27/40 MP: 6/6
  2778 | D:4      | Noticed Blork the orc
  2786 | D:4      | Reached XP level 7. HP: 36/44 MP: 7/7
  2786 | D:4      | Killed Blork the orc
  2838 | D:4      | Found a hide-covered altar of Uskayaw.
  3260 | D:5      | Entered Level 5 of the Dungeon
  3332 | D:5      | Reached skill level 6 in Fighting
  3346 | D:5      | Reached XP level 8. HP: 51/51 MP: 8/8
  3444 | D:5      | Reached skill level 5 in Armour
  3444 | D:5      | Reached skill level 5 in Shields
  3540 | D:5      | Found a staircase to the Ecumenical Temple.
  3586 | D:5      | Reached skill level 5 in Long Blades
  3674 | Temple   | Entered the Ecumenical Temple
  3757 | D:5      | Found a runed translucent door.
  3824 | D:5      | Found an ancient bone altar of Kikubaaqudgha.
  3942 | D:5      | Reached skill level 7 in Fighting
  3942 | D:5      | Reached XP level 9. HP: 14/57 MP: 9/9
  4228 | D:6      | Noticed bmj180's ghost (novice DrCj)
  4362 | D:6      | Found a transporter.
  4432 | D:6      | Found a transporter.
  4765 | D:6      | Found a large runed translucent door.
  4771 | D:6      | Found a large runed translucent door.
  5002 | D:6      | Found Can Fyps's Jewellery Boutique.
  5007 | D:6      | Bought the ring "Xewic" {Drain AC+4 Dex+6} for 650 gold
                  | pieces
  5144 | D:6      | Found an iron altar of Okawaru.
  5153 | D:6      | Found a broken altar of Ashenzari.
  5163 | D:6      | Became a worshipper of Warmaster Okawaru
  5282 | D:6      | Killed bmj180's ghost
  5398 | D:7      | Reached * piety under Okawaru
  5401 | D:7      | Reached skill level 8 in Fighting
  5478 | D:7      | Noticed a hornet
  5484 | D:7      | Killed a hornet
  5485 | D:7      | Reached XP level 10. HP: 60/64 MP: 10/10
  5715 | D:7      | Reached ** piety under Okawaru
  5733 | D:7      | Killed from afar by an orc priest

Illustrated notes

Levels and vault maps discovered:
D:1:      kilobyte_arrival_exit_the_forest, layout_loops_ring,
          minmay_misc_feat_pillars, serial_park_tiny_1
D:2:      layout_basic, nicolae_ecumenical_pavilion, basic_altar, uniq_robin
D:3:      layout_basic, nicolae_gozag_zags_fifth_avenue,
          mainiacjoe_overflow_alcove_2, minmay_box_of_dots, uniq_sigmund
D:4:      layout_gridville, mainiacjoe_overflow_cross_hatched,
          chequers_serial_rivers_large_a, minmay_distorted, uniq_blork_the_orc
D:5:      layout_rooms, kennysheep_vampire_church,
          minmay_temple_entry_glassed_door, lightli_church_of_beogh
D:6:      layout_basic, jmf_multi_god_temple2, gammafunk_ghost_hive,
          serial_shops, shop_fountains
D:7:      layout_basic, serial_shops, shop, gammafunk_ghost_cemetery,
          dreamdust_gnoll_farm
Temple:   nicolae_temple_x_marks_the_god

Skill      XL: |  1  2  3  4  5  6  7  8  9 |
---------------+----------------------------+-----
Fighting       | 4 5 6 7 8 |  8.4
Maces & Flails | 3 |  3.9
Long Blades    | 2 4 5 7 |  7.8
Shields        | 4 5 7 |  7.4
Armour         | 4 5 7 |  7.4

Action                     |  1- 3 |  4- 6 |  7- 9 | 10-12 || total
---------------------------+-------+-------+-------+-------++-------
  Melee: Flail             |   142 |   103 |       |       ||   245
         Long sword        |       |    66 |   243 |    38 ||   347
 Invoke: Heroism           |       |       |       |     1 ||     1
    Use: Scroll            |       |    13 |     5 |       ||    18
         Potion            |       |       |     3 |     1 ||     4
 Armour: Scale mail        |   124 |    26 |       |       ||   150
         Chain mail        |       |    96 |   179 |    18 ||   293
  Dodge: Dodged            |   109 |    62 |   135 |    41 ||   347
  Block: Buckler           |    32 |    43 |    60 |    16 ||   151

Table legend: (Time is in decaauts)
 A = Elapsed time spent in this place.
 B = Non-inter-level travel time spent in this place.
 C = Inter-level travel time spent in this place.
 D = Time resting spent in this place.
 E = Time spent auto-exploring this place.
 F = Levels seen in this place.
 G = Mean time per level.
                   A        B        C        D        E       F      G
               +--------+--------+--------+--------+--------+-----+--------+
         Total |   5884 |   5607 |    277 |     44 |   4202 |   8 |  735.5 |
       Dungeon |   5824 |   5554 |    270 |     44 |   4156 |   7 |  832.0 |
        Temple |     59 |     52 |      7 |      0 |     46 |   1 |   59.0 |
               +--------+--------+--------+--------+--------+-----+--------+

Top non-repeatable levels by time:
     D:6: 1191 daAuts
     D:1: 959 daAuts
     D:2: 915 daAuts
     D:3: 900 daAuts
     D:5: 867 daAuts
     D:4: 604 daAuts
     D:7: 385 daAuts
  Temple: 59 daAuts
